AoeStats
← Sr. Matanza

Arena

510033927Analyzed
1v1 RM · 4d ago on Sep 29, 2026· 42m 14s· 2 players
Game mode
Random Map
Map size
Tiny (2 player)
Population
200
Speed
Normal
Resources
Standard
Victory
Conquest
Starting age
Dark Age
Ending age
Imperial Age
RankedLock teamsTeams togetherTeam positionsShared explorationLock speedFull tech treeHidden civsTurbo modeCheats
Victory
Defeat
🇦🇷 Inca · Argentina
715
+17
🇨🇳 Khmer · China
741
-17
Sr. Matanza
9:07 Feudal Age
16:45 Castle Age
16:14 Loom
17:52 Champi Runner
20:25 Squires
27:17 Fletching
27:39 Forging
27:57 Masonry
32:55 Imperial Age
30:42 Champi Warrior
32:11 Iron Casting
31:36 Scale Mail Armor
33:22 Pikeman
34:30 Gold Mining
34:29 Double-Bit Axe
40:23 Guard Tower
42:23 Blast Furnace
41:23 Scale Mail Armor
41:20 Bodkin Arrow
Rustin
8:45 Feudal Age
14:08 Castle Age
12:54 Double-Bit Axe
18:09 Stone Mining
27:54 Imperial Age
25:12 Loom
25:57 Bow Saw
26:26 Horse Collar
26:38 Gold Mining
27:23 Stone Shaft Mining
29:32 Wheelbarrow
29:58 Conscription
30:03 Cavalier
30:43 Husbandry
31:15 Heavy Scorpion
35:22 Forging
35:12 Scale Mail Armor
35:17 Scale Barding Armor
38:06 Gold Shaft Mining
41:22 Crossbowman
Connection lost

Rejoining the realm…

Still unreachable

The connection could not be restored.

Session expired

The server has moved on; the page needs a fresh start.